 Dungeon Crawl Stone Soup version 0.29-a0-559-g359e09b9d1 (webtiles) character file.

Game seed: 12018284648381878903

977 zeratav the Tainter (level 8, -3/46 HPs)
             Began as an Octopode Venom Mage on June 9, 2022.
             Succumbed to a water moccasin's poison
             ... on level 6 of the Dungeon.
             The game lasted 00:10:01 (6175 turns).

zeratav the Tainter (Octopode Venom Mage)           Turns: 6175, Time: 00:10:01

Health: -3/46      AC:  8    Str:  8    XL:     8   Next: 17%
Magic:  15/15      EV: 13    Int: 19    God:
Gold:   169        SH:  0    Dex: 12    Spells: 11/16 levels left

rFire   . . .      SeeInvis .   e - +2 dagger (protect) {short}
rCold   . . .      Faith    .   (no shield)
rNeg    . . .      Spirit   .   (helmet restricted)
rPois   .          Reflect  .   (no amulet)
rElec   .          Harm     .   (no ring)
rCorr   .          Rampage  .   (no ring)
Will    .....                   (no ring)
Stlth   ++++......              (no ring)
HPRegen 0.15/turn               (no ring)
MPRegen 0.14/turn               (no ring)
                                (no ring)
                                (no ring)

@: mighty, lethally poisoned (-3 -> -40), under a protective aura
A: almost no armour, amphibious, 8 rings, camouflage 1, gelatinous body 1,
(nimble swimmer 1), tentacles
a: no special abilities


You were on level 6 of the Dungeon.
You visited 1 branch of the dungeon, and saw 6 of its levels.

You collected 169 gold pieces.


Innate Abilities, Weirdness & Mutations

You cannot wear most types of armour.
You are amphibious.
You can wear up to eight rings at the same time.
Your skin changes colour to match your surroundings (Stealth+).
Your rubbery body absorbs attacks. (AC +1, EV +1)
((You are camouflaged when in or above water. (Stealth+)))
You have tentacles for arms and can constrict up to eight enemies at once.


   Skills:
 - Level 2.0 Dodging
 + Level 4.7 Stealth
 + Level 4.9 Spellcasting
 - Level 1.0 Transmutations
 * Level 9.3 Poison Magic


You had 11 spell levels left.
You knew the following spells:

 Your Spells              Type           Power      Damage    Failure   Level
a - Sting                 Tmut/Pois      96%        1d7       1%          1
b - Olgreb's Toxic Radia  Pois           40%        N/A       2%          4

Your spell library contained the following spells:

 Spells                   Type           Power      Damage    Failure   Level
 Poisonous Vapours        Pois/Air       44%        N/A       2%          2
 Mephitic Cloud           Conj/Pois/Air  16%        N/A       11%         3
 Magic Dart               Conj           16%        1d3       13%         1
 Call Imp                 Summ           4%         N/A       19%         2
 Scorch                   Fire           8%         2d5       19%         2
 Sublimation of Blood     Necr           4%         N/A       19%         2
 Petrify                  Tmut/Erth      6%         N/A       71%         4
 Flame Wave               Conj/Fire      4%         2d5       77%         4
 Irradiate                Conj/Tmut      3%         3d14      96%         5
 Summon Cactus Giant      Summ           2%         N/A       100%        6
 Chain Lightning          Conj/Air       2%         3d2       100%        9
 Fire Storm               Conj/Fire      2%         8d1       100%        9
 Shatter                  Erth           2%         3d6*      100%        9

Inventory:

Hand Weapons
 e - a +2 dagger of protection (weapon) {short}
   (You found it on level 1 of the Dungeon)
Armour
 x - quicksilver dragon scales {rare}
   (You found it on level 6 of the Dungeon)
Wands
 v - a wand of digging (4)
   (You found it on level 5 of the Dungeon)
 w - a wand of paralysis (2)
   (You found it on level 5 of the Dungeon)
Scrolls
 b - 6 scrolls of identify {unknown}
 d - a scroll of summoning {unknown}
 f - a scroll of enchant armour {unknown}
 i - 3 scrolls of amnesia {unknown}
 j - a scroll of fear {unknown}
 l - 3 scrolls of teleportation {unknown}
 n - a scroll of torment {unknown}
 q - 2 scrolls of vulnerability {unknown}
 s - a scroll of immolation {unknown}
Potions
 a - a potion of magic
 c - a potion of ambrosia {unknown}
 g - 3 potions of might
 h - a potion of curing {unknown}
 k - a potion of haste {@q3}
 m - 3 potions of flight {unknown}
 o - 2 potions of degeneration {unknown}
 p - 4 potions of mutation {unknown}
 r - 3 potions of heal wounds {unknown}
 t - a potion of attraction {unknown}
 u - a potion of invisibility {unknown}

Dungeon Overview and Level Annotations

Branches:
Dungeon (6/15)
 Temple: D:4-7

Altars:
Cheibriados
Elyvilon
Uskayaw
Xom
Yredelemnul

Shops:
D:6

[ ...........#
...........### #
............#.#
..#.#.?.....##.####
...................
#..<...8.....
#.......##.#####
..#.#....∩..........
......S@............
.......8...>........
.............)......
....###.............
..#. #.............
. . .......#.......
......#.#.......
.........:..$...
###.### .......


You could see a water moccasin.


Message History

You constrict the shadow imp. The shadow imp misses you.
You hit the shadow imp.
You kill the shadow imp!
The centaur wields a +0 shortbow.
The centaur shoots an arrow.
The arrow hits you!
HP[-9]
You take 9 damage, and now have 37/46 hp.
The centaur shoots an arrow.
The arrow hits you but does no damage.
The centaur unwields a +0 shortbow.
The centaur completely misses you. The centaur closely misses you.
You hit the centaur.
You squeeze the centaur, but do no damage.
The centaur closely misses you.
The centaur kicks you but does no damage.
The centaur hits you but does no damage.
The centaur kicks you but does no damage.
You hit the centaur. You squeeze the centaur. The centaur barely misses you.
The centaur kicks you but does no damage.
You hit the centaur but do no damage. You squeeze the centaur.
The centaur closely misses you. The centaur completely misses you.
The centaur closely misses you.
The centaur kicks you but does no damage.
HP[+1]
You hit the centaur but do no damage. Your squeeze misses the centaur.
The centaur hits you.
The centaur kicks you but does no damage.
HP[-6]
You take 6 damage, and now have 32/46 hp.
You hit the centaur but do no damage. The centaur hits you.
The centaur kicks you but does no damage.
The centaur hits you.
* * * LOW HITPOINT WARNING * * *
The centaur kicks you.
* * * LOW HITPOINT WARNING * * *
HP[-10]
You take 10 damage, and now have 22/46 hp.
MASSIVE DAMAGE!! (PAUSE)
You hit the centaur. The centaur closely misses you.
The centaur kicks you but does no damage.
You hit the centaur. The centaur closely misses you.
The centaur kicks you but does no damage.
The centaur barely misses you. The centaur misses you.
You hit the centaur. You squeeze the centaur.
The centaur hits you but does no damage.
The centaur closely misses you.
You hit the centaur but do no damage. You tentacle-slap the centaur.
You squeeze the centaur.
You kill the centaur!
HP[+1]
There is an entrance to Jifoadd's Antique Armour Emporium here.
You start resting.
A water moccasin comes into view.
HP[+9]
You regained 9 hp, and now have 32/46 hp.
The water moccasin hisses angrily.
You see here quicksilver dragon scales {rare}. x - quicksilver dragon scales {rare} You hit the water moccasin.
Your weapon exudes an aura of protection.
Your grab misses the water moccasin. Your squeeze misses the water moccasin.
The water moccasin bites you! The water moccasin barely misses you.
HP[-7]
You take 7 damage, and now have 25/46 hp.
You miss the water moccasin. You grab the water moccasin.
You constrict the water moccasin, but do no damage.
The water moccasin bites you but does no damage.
You hit the water moccasin. You constrict the water moccasin.
The water moccasin bites you.
You are poisoned.
The water moccasin poisons you!
You hit the water moccasin. You squeeze the water moccasin.
You constrict the water moccasin.
You feel very sick.
The water moccasin closely misses you. x2
HP[-3]
You take 3 damage, and now have 22/46 hp.
You hit the water moccasin but do no damage.
You tentacle-slap the water moccasin, but do no damage.
You constrict the water moccasin.
You feel sick. The water moccasin bites you.
* * * LOW HITPOINT WARNING * * *
You are lethally poisoned!
The water moccasin poisons you!
HP[-5]
You take 5 damage, and now have 17/46 hp.
You hit the water moccasin. You squeeze the water moccasin.
You constrict the water moccasin.
* * * LOW HITPOINT WARNING * * *
You feel very sick.
The water moccasin bites you but does no damage.
The water moccasin bites you.
* * * LOW HITPOINT WARNING * * *
You are more poisoned.
The water moccasin poisons you!
HP[-12]
You take 12 damage, and now have 5/46 hp.
MASSIVE DAMAGE!! (PAUSE) It was a potion of might.
You feel very mighty all of a sudden.
You constrict the water moccasin.
You die...

Skill      XL: |  1  2  3  4  5  6  7 |
---------------+----------------------+-----
Poison Magic   | 4 5 6 7 9 |  9.3
Spellcasting   | 3 4 |  4.9
Stealth        | 4 |  4.7
Dodging        | |  2.0
Transmutations | |  1.0

Action                   |  1- 3 |  4- 6 |  7- 9 || total
-------------------------+-------+-------+-------++-------
Melee: Unarmed           |    25 |       |       ||    25
       Constrict         |    16 |    27 |    10 ||    53
       Tentacles         |    14 |    25 |    18 ||    57
       Dagger            |    43 |   117 |    59 ||   219
       Punch             |       |       |     3 ||     3
 Cast: Sting             |    21 |     6 |    14 ||    41
       Olgreb's Toxic Ra |       |       |     9 ||     9
  Use: Potion            |       |       |     1 ||     1
 Stab: Sleeping          |    10 |    13 |       ||    23
       Distracted        |       |     1 |       ||     1
Armor: Skin              |    10 |    29 |    27 ||    66
Dodge: Dodged            |    62 |    79 |    49 ||   190

Levels and vault maps discovered:
D:1:      heliophobic_arrival_dark_side_of_the_moon, layout_basic,
          dreamdust_ecumenical_altar_grove
D:2:      layout_basic, lemuel_another_geyser
D:3:      layout_loops_corners, nicolae_uskayaw_dance_hall, xom_redecorated,
          kennysheep_ying_yang, uniq_jessica
D:4:      layout_rooms, chei_slow_surprise, minmay_cupped, uniq_blork_the_orc
D:5:      layout_basic, uniq_grinder
D:6:      layout_basic, old_standard_altar,
          minmay_temple_entry_statues_fountains, serial_shops,
          nicolae_stop_n_shop_1, uniq_eustachio

Notes
Turn   | Place    | Note
-------+----------+-------------------------------------------
     0 | D:1      | zeratav the Octopode Venom Mage began the quest for the
                  | Orb.
     0 | D:1      | Reached XP level 1. HP: 11/11 MP: 3/3
     0 | D:1      | magus.rc [v1.9.6]
   161 | D:1      | Reached skill level 4 in Poison Magic
   257 | D:1      | Reached XP level 2. HP: 5/17 MP: 3/5
   258 | D:1      | HP: 2/17 [endoplasm (3)]
   630 | D:1      | HP: 3/17 [jackal (3)]
   980 | D:1      | Found a faded altar of an unknown god.
  1058 | D:1      | Reached XP level 3. HP: 19/21 MP: 6/6
  1655 | D:1      | You pick up a book of Minor Magic and begin reading...
  1655 | D:1      | You add the spells Magic Dart and Call Imp to your library.
  1664 | D:1      | Reached skill level 5 in Poison Magic
  1833 | D:2      | You pick up a book of Annihilations and begin reading...
  1833 | D:2      | You add the spells Chain Lightning, Fire Storm and Shatter
                  | to your library.
  1933 | D:2      | You pick up a book of Scorching and begin reading...
  1933 | D:2      | You add the spells Scorch, Flame Wave and Summon Cactus
                  | Giant to your library.
  2102 | D:2      | Reached XP level 4. HP: 27/27 MP: 8/8
  2663 | D:3      | Reached skill level 3 in Spellcasting
  2669 | D:3      | Noticed Jessica
  2673 | D:3      | Killed Jessica
  2674 | D:3      | Reached skill level 6 in Poison Magic
  2674 | D:3      | Reached XP level 5. HP: 19/31 MP: 7/9
  2797 | D:3      | Found a basalt altar of Yredelemnul.
  2827 | D:3      | Noticed a water moccasin
  2844 | D:3      | Killed a water moccasin
  2845 | D:3      | Reached XP level 6. HP: 19/36 MP: 9/11
  3040 | D:3      | Reached skill level 7 in Poison Magic
  3293 | D:3      | Found a white marble altar of Elyvilon.
  3400 | D:3      | Found a shimmering altar of Xom.
  3412 | D:3      | Found a shimmering altar of Xom.
  3413 | D:3      | Found a shimmering altar of Xom.
  3413 | D:3      | Found a shimmering altar of Xom.
  3414 | D:3      | Found a shimmering altar of Xom.
  3415 | D:3      | Found a shimmering altar of Xom.
  3415 | D:3      | Found a shimmering altar of Xom.
  3453 | D:3      | You pick up a book of Minor Magic and begin reading...
  3462 | D:3      | Found a hide-covered altar of Uskayaw.
  3492 | D:3      | Noticed a water moccasin
  3506 | D:3      | Killed a water moccasin
  3507 | D:3      | Reached skill level 4 in Spellcasting
  4325 | D:4      | Found a snail-covered altar of Cheibriados.
  4371 | D:4      | Reached XP level 7. HP: 41/41 MP: 13/13
  4447 | D:4      | Noticed Blork the orc
  4447 | D:4      | You fall into a shaft and drop 1 floor!
  4447 | D:5      | Entered Level 5 of the Dungeon
  4465 | D:5      | You pick up a book of Alchemy and begin reading...
  4465 | D:5      | You add the spells Sublimation of Blood, Petrify and
                  | Irradiate to your library.
  4537 | D:5      | Reached skill level 8 in Poison Magic
  4676 | D:4      | Killed Blork the orc
  4677 | D:4      | Reached skill level 3 in Stealth
  4757 | D:4      | Learned a level 4 spell: Olgreb's Toxic Radiance
  5321 | D:5      | Noticed Grinder
  5741 | D:5      | Paralysed by Grinder for 3 turns
  5821 | D:5      | Killed Grinder
  5822 | D:5      | Reached skill level 4 in Stealth
  5822 | D:5      | Reached skill level 9 in Poison Magic
  5822 | D:5      | Reached XP level 8. HP: 22/46 MP: 13/15
  6087 | D:6      | Found Jifoadd's Antique Armour Emporium.
  6168 | D:6      | x - quicksilver dragon scales {rare}
  6174 | D:6      | HP: 11/46 [poisoned by a water moccasin]
  6174 | D:6      | HP: 5/46 [water moccasin (6)]
  6175 | D:6      | Succumbed to a water moccasin's poison

Vanquished Creatures
  Grinder (D:5)
  2 water moccasins (D:3)
  A centaur (D:6)
  Blork the orc (D:4)
  A hound (D:3)
  3 orc priests
  Jessica (D:3)
  2 orc wizards
  4 gnolls (D:4)
  2 adders (D:4)
  A shadow imp (D:6)
  7 dart slugs
  24 orcs
  5 bats
  12 endoplasms
  A giant cockroach (D:1)
  5 goblins
  9 hobgoblins
  10 jackals
  4 quokkas
  12 ball pythons
  8 frilled lizards
  5 kobolds
  4 rats (D:1)
125 creatures vanquished.

Table legend:
 A = Non-vault XP
 B = Vault XP
 C = Vault XP percentage of total XP
 D = Non-vault monster count
 E = Vault monster count
 F = Vault count percentage of total count
                 A         B        C        D         E       F
            +---------+---------+-------+---------+---------+-------
      Total |     975 |     421 |  30.2 |     122 |       3 |   2.4
            +---------+---------+-------+---------+---------+-------
        D:1 |      65 |       0 |   0.0 |      35 |       0 |   0.0
        D:2 |      36 |       0 |   0.0 |      20 |       0 |   0.0
        D:3 |     454 |      37 |   7.5 |      31 |       1 |   3.1
        D:4 |     198 |      94 |  32.2 |      24 |       1 |   4.0
        D:5 |      99 |     290 |  74.6 |      10 |       1 |   9.1
        D:6 |     123 |       0 |   0.0 |       2 |       0 |   0.0
            +---------+---------+-------+---------+---------+-------

Illustrated notes

Table legend:
 A = Kills in this place as a percentage of kills in entire the game.
 B = Kills by you in this place as a percentage of kills by you in the entire game.
 C = Kills by friends in this place as a percentage of kills by friends in the entire game.
 D = Other kills in this place as a percentage of other kills in the entire game.
 E = Experience gained in this place as a percentage of experience gained in the entire game.
 F = Experience gained in this place divided by the number of levels of this place that you have seen.
                   A       B       C       D       E      F
               +-------+-------+-------+-------+-------+----------------------
         Total | 100.0 | 100.0 |   N/A |   N/A | 100.0 | 232.7
       Dungeon | 100.0 | 100.0 |   N/A |   N/A | 100.0 | 232.7
               +-------+-------+-------+-------+-------+----------------------

Table legend: (Time is in decaauts)
 A = Elapsed time spent in this place.
 B = Non-inter-level travel time spent in this place.
 C = Inter-level travel time spent in this place.
 D = Time resting spent in this place.
 E = Time spent auto-exploring this place.
 F = Levels seen in this place.
 G = Mean time per level.
                   A        B        C        D        E       F      G
               +--------+--------+--------+--------+--------+-----+--------+
         Total |   6172 |   5974 |    198 |   1863 |   3075 |   6 | 1028.7 |
       Dungeon |   6172 |   5974 |    198 |   1863 |   3075 |   6 | 1028.7 |
               +--------+--------+--------+--------+--------+-----+--------+

Top non-repeatable levels by time:
     D:1: 1802 daAuts
     D:3: 1482 daAuts
     D:5: 1109 daAuts
     D:4: 860 daAuts
     D:2: 829 daAuts
     D:6: 87 daAuts
